 Dungeon Crawl Stone Soup version 0.16-a0-326-g6f2d4d4 (webtiles) character file.

18 PolkaDot the Caller (level 2, -3/19 HPs)
             Began as a Vampire Summoner on Sept 4, 2014.
             Slain by a worm (11 damage)
             ... on Level 2 of the Dungeon.
             The game lasted 00:02:18 (1848 turns).

PolkaDot the Caller (Vampire Summoner)              Turns: 1848, Time: 00:02:18

HP  -3/19        AC  2     Str  7      XL: 2   Next: 48%
MP   1/4         EV 12     Int 17      God:
Gold 11          SH  0     Dex 14      Spells:  2 memorised,  2 levels left

rFire  . . .     SeeInvis +     e - +0 short sword
rCold  . . .     Clarity  .     a - +0 robe
rNeg   + . .     rCorr    .     (no shield)
rPois  .         rRot     .     (no helmet)
rElec  .         Spirit   .     (no cloak)
SustAb .         Warding  .     (no gloves)
rMut   .         Stasis   .     (no boots)
Gourm  .                        (no amulet)
MR     .....                    (no ring)
                                (no ring)

@: not resistant to hostile enchantments, unstealthy
A: fangs 3, see invisible, unbreathing
a: no special abilities


You were on level 2 of the Dungeon.
You were not thirsty.

You visited 1 branch of the dungeon, and saw 2 of its levels.

You collected 11 gold pieces.

Inventory:

Hand weapons
 e - a +0 short sword (weapon)
Armour
 a - a +0 robe (worn)
Scrolls
 d - 4 scrolls of identify {unknown}
 h - a scroll of remove curse {unknown}
Jewellery
 c - an uncursed ring of protection from cold {unknown}
 f - an uncursed ring of invisibility {unknown}
Potions
 g - a potion of mutation {unknown}
Books
 b - a book of Callings

   Spells                             Type                      Level
   *Summon Small Mammal               Summoning                    1
   *Call Imp                          Summoning                    2
   Call Canine Familiar               Summoning                    3
   Summon Guardian Golem              Hexes/Summoning              4
   Summon Lightning Spire             Summoning/Air                4
   Summon Ice Beast                   Ice/Summoning                4


   Skills:
 - Level 2.1 Dodging
 - Level 3.0 Stealth
 - Level 2.0 Spellcasting
 * Level 4.7 Summonings


You had 2 spell levels left.
You knew the following spells:

 Your Spells              Type           Power        Failure   Level  Hunger
a - Summon Small Mammal   Summ           ###.         2%          1    #......
s - Call Imp              Summ           ###.....     4%          2    ###....


Dungeon Overview and Level Annotations

Branches:
Dungeon (2/15)

Altars:


Innate Abilities, Weirdness & Mutations

You have razor-sharp teeth.
You have supernaturally acute eyesight.
You can survive without breathing.


Message History

You kill the hobgoblin!
You swap places.
Your rat bites the worm.
The worm bites your rat!
Your rat dies!
Your rat's corpse disappears in a puff of smoke!
You see here a club.
Your bat barely misses the worm.
Your quokka bites the worm.
Your bat hits the worm. The worm bites you!
* * * LOW HITPOINT WARNING * * *
Your quokka bites the worm.
Your bat hits the worm.
Your quokka bites the worm but does no damage.
Your bat barely misses the worm.
Your quokka bites the worm.
Your quokka bites the worm.
You hit the worm.
The worm is severely wounded.
Your quokka bites the worm. x2
Your bat hits the worm but does no damage.
Your quokka bites the worm.
The worm bites you!
Ouch! That really hurt!
You die...

. .. # #.# #. . ... .##.###.#
#..## #.#.# ........# ...#..
#....##.....#.# ....... #
#.....#.#.#.#.###...!#.#
#.#.....#.#.#..#...#.....
#...........##..@##.#..# #
#..............#wr#.#..#.....
#......%......).br.).........
....................$........
##.#....########..#.########
.......#...####.....#
#.####[#...........#.# #
#.#...####.....#### #.#
#....<....>...


You could see a worm, 2 friendly quokkas and a friendly bat.

Vanquished Creatures
  A giant gecko (D:1)
  3 bats (D:1)
  A giant cockroach (D:1)
  2 hobgoblins
  2 goblins (D:1)
  4 rats
13 creatures vanquished.

Vanquished Creatures (collateral kills)
  3 hobgoblins
  2 rats
5 creatures vanquished.

Vanquished Creatures (others)
  A bat (D:2)
  2 rats
3 creatures vanquished.

Grand Total: 21 creatures vanquished

Notes
Turn   | Place    | Note
--------------------------------------------------------------
     0 | D:1      | PolkaDot, the Vampire Summoner, began the quest for the Orb.
     0 | D:1      | Reached XP level 1. HP: 13/13 MP: 3/3
   903 | D:1      | Reached XP level 2. HP: 11/19 MP: 4/4
   911 | D:1      | Learned a level 2 spell: Call Imp
  1848 | D:2      | Slain by a worm

Action                   || total
-------------------------++-------
Melee: Unarmed           ||    30
       Short sword       ||    36
 Cast: Summon Small Mamm ||    17
  Use: Potion            ||     1
 Stab: Sleeping          ||     1
  Eat: Corpse            ||     6
